 Dungeon Crawl Stone Soup version 0.28.0-45-g0d030f2227 (webtiles) character file.

Game seed: 16554565511277357600

8399 raph the Reanimator (level 11, -7/97 HPs)
             Began as a Deep Dwarf Necromancer on May 25, 2022.
             Was a Priest of Makhleb.
             Mangled by a hornet (8 damage)
             ... on level 1 of the Lair of Beasts.
             The game lasted 00:29:28 (16461 turns).

raph the Reanimator (Deep Dwarf Necromancer)       Turns: 16461, Time: 00:29:29

Health: -7/97      AC: 12    Str: 13    XL:     11   Next: 9%
Magic:  5/19       EV: 16    Int: 19    God:    Makhleb [***...]
Gold:   163        SH:  6    Dex: 19    Spells: 5/21 levels left

rFire   + . .      SeeInvis .   g - +0 dagger (elec)
rCold   . . .      Faith    .   F - +0 buckler
rNeg    . . .      Spirit   .   J - +2 robe {rF+}
rPois   .          Reflect  .   G - +1 hat
rElec   .          Harm     .   r - +1 cloak
rCorr   .          Rampage  .   (no gloves)
Will    +....                   p - +0 pair of boots
Stlth   ++++......              (no amulet)
HPRegen 0.00/turn               s - +4 ring of protection
MPRegen 0.16/turn               h - +6 ring of dexterity

@: lethally poisoned (-7 -> -7), slowed, very slow
A: damage resistance, heal wounds, sense surroundings 2, no regeneration
a: Heal Wounds, Renounce Religion, Minor Destruction, Lesser Servant of Makhleb


You were on level 1 of the Lair of Beasts.
You worshipped Makhleb.
Makhleb was most pleased with you.
You visited 3 branches of the dungeon, and saw 11 of its levels.

You collected 625 gold pieces.
You spent 462 gold pieces at shops.

Inventory:

Hand Weapons
 b - a +1 vorpal hunting sling
 g - a +0 dagger of electrocution (weapon)
 m - a +1 dagger of flaming
 u - a +2 dagger of speed
 E - a +2 dagger of holy wrath
Missiles
 d - 36 poisoned darts
 l - 2 throwing nets
 n - 12 boomerangs
 y - 40 sling bullets
Armour
 p - a +0 pair of boots (worn)
 r - a +1 cloak (worn)
 x - the +0 leather armour "Pakosu Saeda" {rF- Dex+5}
   (You bought it in a shop on level 5 of the Dungeon)

   Dex:       It affects your dexterity (+5).
   rF:        It makes you vulnerable to fire.
 z - a +2 robe of positive energy
 F - a +0 buckler (worn)
 G - a +1 hat (worn)
 J - a +2 robe of fire resistance (worn)
Jewellery
 h - a +6 ring of dexterity (right hand)
 s - a +4 ring of protection (left hand)
 D - a ring of willpower
Wands
 q - a wand of mindburst (2)
 v - a wand of iceblast (8)
 H - a wand of flame (4)
Scrolls
 c - 2 scrolls of magic mapping
Potions
 a - a potion of degeneration {unknown}
 e - a potion of mutation
 f - a potion of invisibility
 i - a potion of cancellation
 k - 6 potions of curing
 o - a potion of haste {unknown}
 t - 2 potions of lignification {unknown}
 w - 4 potions of might {unknown}
 A - 5 potions of heal wounds {unknown}
 B - 4 potions of attraction {unknown}
 C - 2 potions of brilliance {unknown}


   Skills:
 + Level 5.9 Fighting
 + Level 7.5 Dodging
 - Level 8.1 Stealth
 + Level 4.1 Shields
 + Level 5.8 Spellcasting
 * Level 11.2 Necromancy
 + Level 4.0 Earth Magic
 * Level 5.2 Invocations


You had 5 spell levels left.
You knew the following spells:

 Your Spells              Type           Power      Damage    Failure   Level
a - Pain                  Necr           100%       1d9       1%          1
b - Animate Skeleton      Necr           96%        N/A       1%          1
c - Vampiric Draining     Necr           48%        2d9       1%          3
d - Animate Dead          Necr           24%        N/A       1%          4
e - Agony                 Necr           48%        N/A       4%          5
f - Passwall              Tmut/Erth      10%        N/A       10%         2

Your spell library contained the following spells:

 Spells                   Type           Power      Damage    Failure   Level
 Excruciating Wounds      Necr           24%        N/A       4%          5
 Ensorcelled Hibernation  Hex/Ice        10%        N/A       22%         2
 Ignite Poison            Fire/Tmut/Pois 5%         N/A       41%         3
 Mephitic Cloud           Conj/Pois/Air  5%         N/A       41%         3
 Portal Projectile        Hex/Tloc       10%        N/A       41%         3
 Swiftness                Air            5%         N/A       41%         3
 Tukima's Dance           Hex            5%         N/A       41%         3
 Passage of Golubria      Tloc           5%         N/A       82%         4
 Blade Hands              Tmut           2%         N/A       99%         5
 Freezing Cloud           Conj/Ice/Air   2%         6-21      99%         5
 Yara's Violent Unravell  Hex/Tmut       2%         3d3       99%         5


Dungeon Overview and Level Annotations

Branches:
Dungeon (9/15)             Temple (1/1) D:4            Lair (1/6) D:9
    Orc: D:9-12

Altars:
Ashenzari
Cheibriados
Dithmenos
Elyvilon
Fedhas
Gozag
Hepliaklqana
Kikubaaqudgha
Makhleb
Nemelex Xobeh
Okawaru
Qazlal
Ru
Sif Muna
Trog
Uskayaw
Vehumet
Wu Jian
Xom
Yredelemnul
Zin
The Shining One

Shops:
D:2 ?   D:4 **   D:5 =[   D:8 (

Annotations:
D:4 Menkaure
D:5 3 runed translucent doors, Discosetron's ghost, novice DjAE; Manslay's ghost, novice OpCj


Innate Abilities, Weirdness & Mutations

You are resistant to damage.
You can heal yourself by infusing magical energy.
You passively map the area around you.
You do not regenerate.


Message History

A bat comes into view.
The bat moves out of view.
The bat hits you but does no damage. You block the bat's attack.
A bat comes into view.
The bat hits you but does no damage.
Found a scroll of identify.
The bat misses you. You block the bat's attack. You block the bat's attack.
The bat misses you. You block the bat's attack. The bat misses you.
You block the bat's attack. The bat barely misses you.
The hornet buzzes angrily.
The bat completely misses you. The bat misses you. The bat hits you.
The bat hits you but does no damage. The bat closely misses you. x2
You block the hornet's attack. The bat misses you.
The hornet completely misses you. The bat completely misses you.
The bat closely misses you. You block the bat's attack.
The bat barely misses you. The bat misses you. The hornet stings you!
* * * LOW HITPOINT WARNING * * *
You are poisoned.
You feel yourself slow down. You block the bat's attack. The bat misses you.
You block the bat's attack. The hornet closely misses you. The bat misses you.
A demon appears!
The bat closely misses you. x2
The hornet completely misses you. The komodo dragon bites you!
* * * LOW HITPOINT WARNING * * *
The hornet stings you.
You are more poisoned.
You feel as though you will be slow longer.
The bat barely misses you. The bat misses you. The hornet misses you.
Your hellwing hits the bat!
The bat dies!
Makhleb accepts your kill.
The komodo dragon bites you but does no damage.
The bat misses you. The hornet stings you!
You die...

.### ##≈≈.....≈≈≈.....(..........
...# #≈≈≈...≈≈≈≈................
..#####≈≈≈≈≈≈≈≈≈#...............b
...#.###≈≈≈≈≈≈≈##................
.....#.#########.................
...#.^###.######.................
................4................
..##...........#b†...............
................@l.........#.....
.................y...............
..................##.............
..........#......................
.................................
.................................
..#..............................
.##........#...#P................
..........## , .............


You could see a komodo dragon, a hornet, a bat and a friendly hellwing
(summoned).

Vanquished Creatures
  An alligator (Lair:1)
  Pikel (D:7)
  An elephant (D:9)
  Psyche (D:9)
  A cane toad (Lair:1)
  A troll (D:6)
  4 wyverns
  4 yaks
  A basilisk (D:9)
  A steam dragon (D:8)
  5 water moccasins
  2 black bears
  2 orc warriors
  3 sky beasts
  3 ogres
  6 kobold brigands
  3 bullfrogs
  9 scorpions
  A centaur zombie (D:6)
  Crazy Yiuf (D:4)
  2 gnoll shamans
  3 hounds
  4 jellies
  8 orc priests
  A centaur skeleton (D:5)
  Natasha (thrice) (D:4)
  2 iguanas
  9 orc wizards
  A killer bee zombie (D:8)
  A howler monkey zombie (D:9)
  11 gnolls
  15 adders
  A shadow imp (D:6)
  2 white imps
  2 worms
  3 dart slugs
  24 orcs
  9 ball pythons
  9 bats
  10 endoplasms
  3 giant cockroaches
  8 goblins
  4 hobgoblins
  A jackal (D:2)
  6 quokkas
  4 frilled lizards
  25 kobolds
  3 rats
225 creatures vanquished.

Vanquished Creatures (collateral kills)
  A black mamba (Lair:1)
  A rime drake (Lair:1)
  An ice beast (D:6)
  2 black bears
  A wolf (Lair:1)
  An orc (D:9)
  A bat (Lair:1)
8 creatures vanquished.

Vanquished Creatures (others)
  2 fungi (D:9)
  5 plants
7 creatures vanquished.

Grand Total: 240 creatures vanquished

Notes
Turn   | Place    | Note
-------+----------+-------------------------------------------
     0 | D:1      | raph the Deep Dwarf Necromancer began the quest for the
                  | Orb.
     0 | D:1      | Reached XP level 1. HP: 15/15 MP: 3/3
   237 | D:1      | Learned a level 1 spell: Animate Skeleton
   325 | D:1      | Reached XP level 2. HP: 24/24 MP: 0/4
  1166 | D:2      | Found Boim's Magic Scroll Emporium.
  1181 | D:2      | Bought a scroll of identify for 28 gold pieces
  1623 | D:2      | Reached XP level 3. HP: 11/30 MP: 1/6
  1627 | D:2      | Learned a level 3 spell: Vampiric Draining
  1702 | D:2      | Reached skill level 1 in Fighting
  1971 | D:2      | Reached skill level 5 in Necromancy
  2257 | D:2      | Reached XP level 4. HP: 38/38 MP: 7/7
  2846 | D:3      | Reached XP level 5. HP: 34/44 MP: 1/8
  3007 | D:2      | Bought a scroll of teleportation for 42 gold pieces
  3257 | D:4      | Found a stormy altar of Qazlal.
  3343 | D:4      | Found a runed translucent door.
  3344 | D:4      | Noticed Crazy Yiuf
  3353 | D:4      | Killed Crazy Yiuf
  3475 | D:4      | Noticed a sky beast
  3493 | D:4      | Killed a sky beast
  3494 | D:4      | Reached skill level 6 in Necromancy
  3494 | D:4      | Reached XP level 6. HP: 37/52 MP: 0/10
  3577 | D:4      | Learned a level 4 spell: Animate Dead
  3666 | D:4      | Found a staircase to the Ecumenical Temple.
  3672 | Temple   | Entered the Ecumenical Temple
  3728 | Temple   | Became a worshipper of Makhleb the Destroyer
  4354 | D:4      | Found Lidy's Specific Store.
  4360 | D:4      | Found Yrustroeps's General Store.
  4377 | D:4      | Noticed Natasha
  4384 | D:4      | Killed Natasha
  4431 | D:4      | Noticed Natasha
  4439 | D:4      | Killed Natasha
  4540 | D:4      | Noticed Menkaure
  4676 | D:4      | Reached XP level 7. HP: 61/61 MP: 3/11
  5035 | D:4      | Noticed Natasha
  5038 | D:4      | Killed Natasha
  5174 | D:3      | Reached * piety under Makhleb
  6212 | D:5      | Entered Level 5 of the Dungeon
  6212 | D:5      | Found an opulent altar of Gozag.
  6238 | D:5      | Found Zawakk's Antique Armour Emporium.
  6325 | D:5      | Reached skill level 7 in Necromancy
  6364 | D:5      | Found a hazy altar of Hepliaklqana.
  6365 | D:5      | Found a white marble altar of Elyvilon.
  6365 | D:5      | Found a sacrificial altar of Ru.
  6366 | D:5      | Found a broken altar of Ashenzari.
  6413 | D:5      | Reached skill level 5 in Stealth
  6813 | D:5      | Found Dukhantoo's Jewellery Shoppe.
  6845 | D:5      | Reached XP level 8. HP: 58/69 MP: 0/13
  6959 | D:5      | Found a runed translucent gate.
  6959 | D:5      | Found a runed translucent gate.
  6962 | D:5      | Found a runed translucent gate.
  6965 | D:5      | Noticed Manslay's ghost (novice OpCj)
  6965 | D:5      | Noticed Discosetron's ghost (novice DjAE)
  7704 | D:5      | Bought a faintly glowing leather armour for 196 gold pieces
  7704 | D:5      | Identified the +0 leather armour "Pakosu Saeda" {rF- Dex+5}
                  | (You bought it in a shop on level 5 of the Dungeon)
  8139 | D:6      | Reached skill level 5 in Dodging
  8324 | D:6      | Reached skill level 8 in Necromancy
  8402 | D:6      | Noticed a troll
  8511 | D:6      | Identified the +3 scale mail of the New World {Harm MP+9}
  9075 | D:6      | Reached ** piety under Makhleb
  9076 | D:6      | Gained mutation: You passively map the area around you.
                  | [Deep Dwarf growth]
  9076 | D:6      | Reached XP level 9. HP: 78/78 MP: 5/15
  9082 | D:6      | Learned a level 5 spell: Agony
  9085 | D:6      | Learned a level 2 spell: Passwall
  9345 | D:6      | Found a snail-covered altar of Cheibriados.
  9599 | D:6      | Killed a troll
  9600 | D:6      | Reached skill level 9 in Necromancy
 10948 | D:7      | Reached skill level 1 in Shields
 11017 | D:7      | Found an iron altar of Okawaru.
 11065 | D:7      | Noticed Pikel
 11076 | D:7      | Killed Pikel
 11077 | D:7      | Reached skill level 5 in Spellcasting
 11215 | D:7      | Reached skill level 5 in Fighting
 11248 | D:7      | Reached skill level 10 in Necromancy
 12167 | D:8      | Reached XP level 10. HP: 77/88 MP: 6/17
 12287 | D:8      | Found Tinnub's Weapon Boutique.
 12308 | D:8      | Reached skill level 1 in Earth Magic
 12308 | D:8      | Reached skill level 1 in Invocations
 13093 | D:8      | Found a shimmering altar of Xom.
 13187 | D:5      | Bought a glowing hat for 196 gold pieces
 13318 | D:8      | Found a glowing silver altar of Zin.
 13318 | D:8      | Noticed an angel
 13992 | D:9      | Noticed Psyche
 14002 | D:9      | Killed Psyche
 14264 | D:9      | Reached *** piety under Makhleb
 15489 | D:9      | Found a radiant altar of Vehumet.
 15501 | D:9      | Found a staircase to the Lair.
 15501 | D:9      | Noticed an elephant
 15511 | D:9      | Killed an elephant
 15637 | Lair:1   | Entered Level 1 of the Lair of Beasts
 16053 | Lair:1   | Noticed a cane toad
 16059 | Lair:1   | Killed a cane toad
 16202 | Lair:1   | Noticed a black mamba
 16205 | Lair:1   | Noticed a black mamba
 16225 | Lair:1   | Killed a black mamba
 16226 | Lair:1   | Reached skill level 11 in Necromancy
 16236 | Lair:1   | Reached XP level 11. HP: 40/97 MP: 3/19
 16370 | Lair:1   | Noticed an alligator
 16390 | Lair:1   | HP: 4/97 [alligator (6)]
 16396 | Lair:1   | Killed an alligator
 16397 | Lair:1   | Reached skill level 5 in Invocations
 16460 | Lair:1   | HP: 1/97 [komodo dragon (12)]
 16461 | Lair:1   | Mangled by a hornet

Illustrated notes

Levels and vault maps discovered:
D:1:      lemuel_arrival_hallway, layout_loops_ring, serial_bayou_pond_d
D:2:      minmay_chambers_of_twos, layout_basic, serial_shops,
          nicolae_shop_trees
D:3:      layout_basic, st_stairs_3
D:4:      layout_loops_ring, lemuel_tele_altar, minmay_temple_entry_waves,
          nicolae_specific_store, kennysheep_windowed_goal, uniq_menkaure,
          uniq_crazy_yiuf_cottage, uniq_natasha
D:5:      layout_loops_ring, nicolae_gozag_cash_rules_everything_around_me,
          chequers_temple_overflow_statue_of_worship, gammafunk_ghost_cemetery,
          serial_shops, nicolae_take_the_stairs, nicolae_shop_waterfront,
          kennysheep_small_square
D:6:      layout_rooms, slow_altar_1, minivault_5, minmay_bent
D:7:      layout_loops_corners, mainiacjoe_overflow_alcove_4,
          serial_bayou_pond_b, grunt_decor_resistance, uniq_pikel
D:8:      layout_cave_pools, grunt_temple_overflow_order_and_chaos_1,
          serial_shops, nicolae_shop_hallway_plus
D:9:      old_forge, layout_layer_cave, mainiacjoe_overflow_six_doors_small,
          david_lair_generic, hangedman_abyss_or_decor_jellyfish_corner,
          uniq_psyche
Temple:   grunt_temple_mini_profane
Lair:1:   layout_hall_layers, roderic_batcave, nicolae_lair_lakeside_cave

Skill      XL: |  1  2  3  4  5  6  7  8  9 10 11 |
---------------+----------------------------------+-----
Spellcasting   | 2 3 4 5 |  5.8
Stealth        | 3 4 5 6 7 8 |  8.1
Fighting       | 1 2 3 4 5 |  5.9
Necromancy     | 5 6 7 8 10 11 | 11.2
Dodging        | 3 4 5 6 7 |  7.5
Shields        | 2 4 |  4.1
Earth Magic    | 3 4 |  4.0
Invocations    | 4 5 |  5.2

Action                   |  1- 3 |  4- 6 |  7- 9 | 10-12 || total
-------------------------+-------+-------+-------+-------++-------
Melee: Dagger            |    10 |    29 |   132 |   130 ||   301
       Punch             |       |       |     2 |       ||     2
Throw: Boomerang         |     7 |       |       |       ||     7
       Dart              |     3 |       |       |       ||     3
 Cast: Pain              |    68 |    70 |   176 |    41 ||   355
       Animate Skeleton  |     1 |     2 |     4 |     1 ||     8
       Vampiric Draining |     4 |    22 |    71 |    70 ||   167
       Animate Dead      |       |       |     4 |     6 ||    10
       Agony             |       |       |     3 |     1 ||     4
Invok: Lesser Servant of |       |       |       |     4 ||     4
       Minor Destruction |       |       |       |     2 ||     2
 Abil: Heal Wounds       |     1 |       |       |     1 ||     2
Evoke: Wand              |       |       |       |     6 ||     6
  Use: Scroll            |     4 |     3 |     5 |     5 ||    17
 Stab: Sleeping          |     1 |     2 |     3 |     2 ||     8
       Distracted        |       |       |       |     2 ||     2
Armor: Robe              |     8 |     2 |    36 |    73 ||   119
       Leather armour    |       |     9 |    69 |       ||    78
Dodge: Dodged            |    14 |    37 |   219 |   174 ||   444
Block: Buckler           |       |       |    17 |    63 ||    80
